Map: Pillars of Gold LE

Players

Seither - Winner!

  • Race: Terran Terran
  • Spawn Location: 1:00

Probe

  • Race: Protoss Protoss
  • League: Master
  • Spawn Location: 7:00

Event: DreamHack SC2 Masters 2020 Fall

VOD

Have the link to the VOD?

Description

Time

  • Played on: Aug. 29, 2020, 6:15 a.m.
  • Length: 9:31

All games in this series

Show
View Real Time Build Order
Export as new Build Order

Seither Terran - Winner!

Build Orders: Reaper Expand, Banshee Rush 

Get SALT Encoding   

  12  0:00  SCV  
  13  0:12  SCV  
  14  0:17  Supply Depot  
  14  0:24  SCV  
  15  0:39  SCV  
  15  0:41  Barracks  
  16  0:45  Refinery  
  16  0:51  SCV  
  17  1:03  SCV  
  18  1:15  SCV  
  19  1:28  Orbital Command, Reaper  
  20  1:45  Command Center  
  20  1:56  SCV, Supply Depot  
  21  2:01  Marine  
  22  2:09  SCV  
  22  2:11  Factory  
  23  2:23  Bunker, Barracks Reactor  
  23  2:24  SCV  
  24  2:30  Refinery  
  24  2:36  SCV  
  25  2:48  SCV  
  26  2:57  Starport  
  26  2:59  Hellion  
  26  3:00  SCV  
  26  3:01  Orbital Command  
  29  3:07  Marine x2  
  31  3:13  SCV  
  32  3:20  Factory Tech Lab  
  32  3:25  SCV, Marine x2  
  35  3:29  SCV  
  35  3:33  Supply Depot  
  36  3:42  Marine  
  36  3:43  Marine  
  36  3:45  Banshee, Cloaking Field  
  36  3:46  Factory Tech Lab  
  36  3:47  SCV  
  41  4:00  SCV x2, Marine x2  
  45  4:07  Siege Tank  
  48  4:10  Supply Depot  
  48  4:17  SCV x2  
  48  4:18  Marine x2  
  52  4:27  Command Center  
  52  4:31  Banshee  
  52  4:36  Supply Depot  
  52  4:38  Marine x2  
  56  4:43  SCV x2  
  59  4:45  Supply Depot  
  59  4:49  Siege Tank  
  62  4:58  SCV x2, Supply Depot  
  64  5:03  Marine  
  64  5:04  Marine  
  64  5:10  SCV x2  
  66  5:20  Barracks  
  66  5:21  Barracks  
  66  5:22  SCV x2  
  66  5:26  Refinery  
  68  5:28  Refinery, Marine  
  68  5:29  Marine  
  68  5:30  Siege Tank  
  73  5:38  SCV  
  73  5:39  SCV  
  73  5:40  Orbital Command  
  75  5:43  Engineering Bay  
  75  5:48  Supply Depot  
  75  5:51  SCV  
  75  5:53  Marine x2  
  75  5:56  SCV  
  79  6:03  Orbital Command, SCV  
  80  6:05  Siege Tank, Starport Reactor  
  83  6:11  Barracks Tech Lab  
  83  6:16  Barracks x2  
  83  6:22  SCV  
  83  6:23  SCV  
  83  6:24  Marauder, Marine x2  
  89  6:25  Stimpack  
  89  6:27  Terran Infantry Weapons Level 1  
  89  6:35  SCV x2  
  89  6:37  Combat Shield, Supply Depot  
  91  6:42  Marauder, Marine x2  
  91  6:45  Marauder  
  97  6:47  SCV x2  
  97  6:50  Medivac, Supply Depot  
  97  6:51  Medivac  
  103  6:56  Siege Tank  
  103  6:58  SCV  
  103  6:59  SCV  
  103  7:00  SCV  
  109  7:03  Marauder, Supply Depot  
  109  7:06  Barracks Tech Lab, Barracks Reactor  
  111  7:14  SCV x2  
  110  7:18  Marauder, Marine x2  
  110  7:21  Medivac  
  116  7:24  SCV  
  116  7:25  Marauder  
  116  7:26  SCV  
  116  7:29  Supply Depot x2  
  120  7:31  Marauder, Concussive Shells  
  122  7:38  Siege Tank  
  122  7:42  Missile Turret  
  122  7:43  Missile Turret  
  122  7:44  Missile Turret, SCV x3  
  127  7:45  Marine x2  
  127  7:46  Marine x2  
  131  8:00  Marauder x3  
  131  8:01  Medivac x2  
  131  8:03  Marine x2  
  143  8:08  Refinery  
  143  8:09  Refinery  
  143  8:12  Supply Depot  
  143  8:13  Marine x2  
  143  8:14  Supply Depot  
  145  8:21  Marauder x2  
  145  8:22  Marauder, Marine x2  
  145  8:25  Armory  
  148  8:29  Engineering Bay  
  144  8:40  Marine x2  
  142  8:43  Marauder x2  
  142  8:44  Marauder  
  134  8:58  Marine  
  134  9:01  Marine x2  
  125  9:03  Orbital Command  
  125  9:04  Marauder x2  
  125  9:05  Marauder  
  125  9:08  Marine  
Show
View Real Time Build Order
Export as new Build Order

Probe Protoss 

Build Orders: 1 Gate Expand, Blink Stalkers 

Get SALT Encoding   

  12  0:00  Probe  
  13  0:12  Probe  
  14  0:17  Pylon  
  14  0:24  Probe  
  15  0:36  Gateway  
  15  0:38  Probe (Chrono Boost)  
  16  0:47  Assimilator, Probe (Chrono Boost)  
  17  0:52  Probe (Chrono Boost)  
  18  1:04  Probe  
  19  1:16  Probe  
  20  1:25  Cybernetics Core  
  20  1:35  Nexus  
  20  1:38  Probe  
  21  1:46  Pylon  
  21  1:50  Probe  
  22  1:55  Assimilator  
  22  2:02  Adept (Chrono Boost)  
  22  2:03  Probe  
  22  2:08  Warp Gate  
  25  2:15  Probe  
  26  2:18  Shield Battery  
  26  2:24  Stalker (Chrono Boost)  
  26  2:28  Probe  
  29  2:42  Twilight Council  
  29  2:48  Probe (Chrono Boost)  
  31  2:53  Probe (Chrono Boost)  
  31  2:58  Probe (Chrono Boost)  
  32  3:01  Probe (Chrono Boost)  
  32  3:03  Robotics Facility  
  33  3:10  Probe  
  35  3:13  Probe (Chrono Boost)  
  35  3:19  Blink (Chrono Boost)  
  35  3:22  Probe (Chrono Boost)  
  37  3:30  Probe (Chrono Boost)  
  37  3:32  Gateway, Probe (Chrono Boost)  
  38  3:36  Probe (Chrono Boost)  
  39  3:41  Probe  
  39  3:42  Gateway  
  41  3:48  Probe  
  41  3:53  Probe  
  41  3:55  Observer  
  43  3:59  Pylon  
  43  4:00  Probe  
  44  4:04  Assimilator  
  44  4:05  Assimilator, Probe  
  45  4:12  Probe  
  45  4:16  Pylon  
  46  4:17  Probe  
  46  4:18  Observer  
  46  4:22  Stalker  
  50  4:24  Probe  
  50  4:27  Stalker  
  50  4:30  Probe  
  54  4:36  Observer  
  54  4:37  Stalker, Probe  
  57  4:40  Observer, Pylon  
  57  4:42  Probe  
  59  4:49  Probe  
  59  4:51  Robotics Bay  
  60  4:53  Forge  
  60  4:57  Probe  
  61  5:01  Probe  
  61  5:03  Stalker x3  
  67  5:09  Probe  
  67  5:17  Probe  
  64  5:21  Probe  
  64  5:23  Nexus  
  64  5:29  Probe  
  64  5:32  Observer  
  64  5:34  Probe  
  66  5:37  Protoss Ground Weapons Level 1  
  66  5:41  Probe  
  67  5:46  Probe  
  67  5:47  Observer (Chrono Boost)  
  67  5:49  Pylon  
  69  5:50  Pylon  
  69  5:53  Observer  
  69  5:55  Probe  
  69  5:58  Probe  
  69  6:00  Charge (Chrono Boost)  
  69  6:03  Pylon  
  69  6:04  Pylon  
  69  6:08  Extended Thermal Lance  
  69  6:09  Stalker  
  71  6:16  Stalker  
  71  6:18  Sentry  
  75  6:21  Colossus (Chrono Boost)  
  81  6:30  Probe x2  
  83  6:37  Photon Cannon  
  83  6:38  Probe  
  84  6:41  Pylon  
  84  6:42  Probe  
  84  6:46  Sentry x2  
  88  6:48  Probe  
  88  6:50  Probe  
  90  6:54  Probe  
  90  7:00  Gateway, Probe  
  92  7:02  Gateway, Probe  
  92  7:05  Photon Cannon  
  93  7:12  Probe  
  91  7:18  Probe  
  91  7:22  Colossus (Chrono Boost)  
  90  7:23  Probe  
  97  7:31  Probe  
  97  7:32  Gateway  
  97  7:33  Gateway, Probe (Chrono Boost)  
  97  7:34  Gateway  
  97  7:35  Probe (Chrono Boost)  
  101  7:44  Robotics Facility  
  101  7:47  Probe (Chrono Boost)  
  101  7:49  Probe (Chrono Boost)  
  101  7:51  Sentry, Probe (Chrono Boost)  
  103  7:52  Sentry  
  103  7:56  Probe (Chrono Boost)  
  103  7:57  Zealot x3, Probe (Chrono Boost)  
  114  7:58  Probe  
  114  8:02  Pylon  
  116  8:06  Disruptor (Chrono Boost)  
  119  8:17  Zealot x3  
  123  8:22  Pylon  
  123  8:24  Pylon  
  123  8:26  Pylon  
  123  8:27  Shield Battery  
  123  8:28  Pylon  
  123  8:33  Shield Battery  
  121  8:38  Zealot x4  
  123  8:42  Stalker  
  123  8:44  Zealot  
  123  8:48  Zealot x2  
  122  8:53  Disruptor (Chrono Boost)  
  114  8:57  Probe  
  114  8:58  Probe  
  114  9:00  Zealot  
  114  9:01  Zealot x2, Probe  
  100  9:08  Stalker x3  
  84  9:10  Probe  
  84  9:11  Zealot  

Tags
 
Add a new tag
Caveats
  • Supply blocks, unpowered buildings, or Contaminate may cause inaccurate times.
  • Supply counts are checked every 10 seconds.